 Dungeon Crawl Stone Soup version 0.20-a0-949-g916514f (webtiles) character file.

160 M4edhros the Insei (level 5, -3/31 HPs)
             Began as an Octopode Necromancer on Apr 3, 2017.
             Slain by an ogre
             ... wielding a +0 giant spiked club
              (32 damage)
             ... on level 4 of the Dungeon.
             The game lasted 00:04:26 (941 turns).

M4edhros the Insei (Octopode Necromancer)            Turns: 941, Time: 00:04:27

Health: -3/31      AC:  1    Str:  7    XL:     5   Next: 41%
Magic:  3/8        EV: 13    Int: 18    God:
Gold:   40         SH:  0    Dex: 13    Spells: 3/8 levels left

rFire    . . .     SeeInvis .     - Unarmed
rCold    . . .     Gourm    .   (no shield)
rNeg     . . .     Faith    .   (helmet restricted)
rPois    .         Spirit   .   (no amulet)
rElec    .         Reflect  .   (no ring)
rCorr    .         Harm     .   (no ring)
MR       .....                  (no ring)
Stlth    +++.......             (no ring)
Regen    0.1/turn               (no ring)
MPRegen  0.2/turn               (no ring)
                                (no ring)
                                (no ring)

@: no status effects
A: almost no armour, stealthy swim, amphibious, 8 rings, constrict 8, camouflage
1, gelatinous body 1
a: no special abilities


You were on level 4 of the Dungeon.
You were very hungry.

You visited 1 branch of the dungeon, and saw 4 of its levels.

You collected 40 gold pieces.

Inventory:

Armour
 j - a +0 buckler
Scrolls
 c - a scroll of magic mapping {unknown}
 d - 2 scrolls of identify {unknown}
 e - 2 scrolls of teleportation {unknown}
 i - a scroll of fog {unknown}
 l - a scroll of amnesia {unknown}
Potions
 g - a potion of ambrosia {unknown}
 k - a potion of might {unknown}
Books
 a - a book of Necromancy

   Spells                             Type                      Level
   a - Pain                           Necromancy                   1
   b - Animate Skeleton               Necromancy                   1
   c - Vampiric Draining              Necromancy                   3
   d - Regeneration                   Charms/Necromancy            3
   e - Animate Dead                   Necromancy                   4
   f - Control Undead                 Necromancy                   4
Comestibles
 b - 4 bread rations
 f - 12 chunks of flesh


   Skills:
 - Level 2.0 Dodging
 - Level 2.6 Stealth
 + Level 4.9 Unarmed Combat
 - Level 2.0 Spellcasting
 - Level 4.0 Necromancy


You had 3 spell levels left.
You knew the following spells:

 Your Spells              Type           Power        Failure   Level  Hunger
a - Pain                  Necr           ###.         3%          1    #......
b - Animate Skeleton      Necr           N/A          3%          1    #......
c - Regeneration          Chrm/Necr      #.........   24%         3    ###....


Dungeon Overview and Level Annotations

Branches:
Dungeon (4/15)
 Temple: D:4-7

Altars:
Makhleb
Vehumet


Innate Abilities, Weirdness & Mutations

You cannot wear most types of armour.
You are very stealthy in the water. (Stealth+)
You are amphibious.
You can wear up to eight rings at the same time.
You can use your tentacles to constrict eight enemies at once.
Your skin changes colour to match your surroundings (Stealth+).
Your rubbery body absorbs attacks. (AC +1, EV +1)


Message History

You barely miss the adder skeleton. You grab the adder skeleton.
You constrict the adder skeleton. The adder skeleton barely misses you.
Your jackal skeleton bites the adder skeleton.
You tentacle-slap the adder skeleton. You squeeze the adder skeleton.
The adder skeleton is almost destroyed.
You constrict the adder skeleton.
You destroy the adder skeleton!
You swap places.
You open the door.
An ogre comes into view. It is wielding a giant spiked club.
Found a scroll labeled UMPUAR HURPHARI.
Found a stone staircase leading up.
There is an open door here.
You are feeling very hungry.
The helpless ogre fails to defend itself.
You tentacle-slap the ogre.
You tentacle-slap the ogre, but do no damage.
The ogre is lightly wounded.
The ogre hits you with a giant spiked club!!
Ouch! That really hurt!
You die...

#### #.#..# #.#..#
#.#..#
##############.#?.# ##
...Z.Z.........#<. ..#
.########......#.#...##
.########......#@.....#
.............Z.ZZO....#
......###.....Z######.#
........+.............
..Z...###......#....#.
......# #......#......
......# #......# ...##
......# #.............
#
......###......#......
.#


You could see an ogre, 2 friendly leopard gecko skeletons, a friendly jackal
skeleton and a friendly gnoll skeleton.

Vanquished Creatures
  2 orc priests
  An orc wizard (D:4)
  3 gnolls (D:4)
  An adder (D:3)
  An adder skeleton (D:4)
  2 leopard geckos (D:4)
  5 orcs
  5 bats
  3 goblins
  2 hobgoblins
  2 jackals (D:4)
  4 kobolds
  2 rats (D:2)
33 creatures vanquished.

Vanquished Creatures (collateral kills)
  2 bats (D:2)
2 creatures vanquished.

Grand Total: 35 creatures vanquished

Notes
Turn   | Place    | Note
-------+----------+-------------------------------------------
     0 | D:1      | M4edhros the Octopode Necromancer began the quest for the Orb.
     0 | D:1      | Reached XP level 1. HP: 11/11 MP: 3/3
     5 | D:1      | Learned a level 1 spell: Animate Skeleton
    86 | D:1      | Reached skill level 1 in Unarmed Combat
   182 | D:2      | Reached XP level 2. HP: 16/17 MP: 3/5
   197 | D:2      | Found a radiant altar of Vehumet.
   422 | D:3      | Reached XP level 3. HP: 16/21 MP: 6/6
   427 | D:3      | Learned a level 3 spell: Regeneration
   464 | D:3      | Found a burning altar of Makhleb.
   465 | D:3      | Noticed a centaur
   530 | D:3      | Reached XP level 4. HP: 25/27 MP: 3/7
   764 | D:3      | Reached XP level 5. HP: 31/31 MP: 6/8
   938 | D:4      | Noticed an ogre
   941 | D:4      | Slain by an ogre

Vault maps used:
D:1:      lightli_arrival_noodles
D:2:      kennysheep_goblin_castle, old_standard_altar
D:3:      lemuel_crystal_altar, dancing_weapons_uskayaw, first_bread,
          hangedman_decor_growths, lemuel_tele_altar
D:4:      kennysheep_mini, serial_shops, nicolae_shop_trees

Skill      XL: |  1  2  3  4 |
---------------+-------------+-----
Unarmed Combat | 1 2 3 4 |  4.9
Dodging        | |  2.0
Stealth        | |  2.6
Spellcasting   | |  2.0
Necromancy     | |  4.0

Action                   |  1- 3 |  4- 6 || total
-------------------------+-------+-------++-------
Melee: Unarmed           |    50 |    42 ||    92
       Constrict         |    13 |     8 ||    21
       Tentacles         |     7 |     8 ||    15
       Punch             |       |     3 ||     3
 Cast: Animate Skeleton  |    10 |     8 ||    18
       Pain              |     6 |     6 ||    12
       Regeneration      |     1 |     5 ||     6
  Use: Potion            |       |     2 ||     2
 Stab: Sleeping          |     3 |     3 ||     6
       Distracted        |     1 |       ||     1
  Eat: Chunk             |       |     1 ||     1
Armor: Skin              |     9 |    20 ||    29
Dodge: Dodged            |    46 |    22 ||    68
